 Dungeon Crawl Stone Soup version 0.24-a0-584-g9d6b971ae4 (webtiles) character file.

Game seed: 3059633113643810647, levelgen mode: deterministic

8 Mithandil the Skirmisher (level 2, 0/24 HPs)
             Began as a Demonspawn Abyssal Knight on Sept 4, 2019.
             Was an Initiate of Lugonu.
             Slain by a jackal (3 damage)
             ... on level 1 of the Dungeon.
             The game lasted 00:01:36 (251 turns).

Mithandil the Skirmisher (Demonspawn Abyssal Knight) Turns: 251, Time: 00:01:37

Health: 0/24       AC:  3    Str: 12    XL:     2   Next: 0%
Magic:  3/3        EV: 11    Int: 13    God:    Lugonu [......]
Gold:   83         SH:  0    Dex: 12    Spells: 1/1 levels left

rFire    . . .     SeeInvis .   a - +1 spear
rCold    . . .     Gourm    .   (no shield)
rNeg     . . .     Faith    .   b - +0 leather armour
rPois    .         Spirit   .   (no helmet)
rElec    .         Reflect  .   (no cloak)
rCorr    .         Harm     .   (no gloves)
MR       .....                  (no boots)
Stlth    +.........             (no amulet)
HPRegen  0.08/turn              (no ring)
MPRegen  0.08/turn              (no ring)

@: no status effects
A: claws 1
a: Renounce Religion


You were on level 1 of the Dungeon.
You worshipped Lugonu.
Lugonu was noncommittal.
You were not hungry.

You visited 1 branch of the dungeon, and saw 1 of its levels.
You visited the Abyss 1 time.

You collected 83 gold pieces.

Inventory:

Hand Weapons
 a - a +1 spear (weapon)
Missiles
 e - 7 arrows
 f - 23 bolts
 h - a stone (quivered)
Armour
 b - a +0 leather armour (worn)
Potions
 d - a potion of cancellation {unknown}
 g - a potion of haste {unknown}
Comestibles
 c - 2 rations


   Skills:
 + Level 3.0 Fighting
 * Level 2.0 Polearms
 + Level 1.8 Armour
 + Level 1.1 Dodging
 + Level 0.2 Stealth
 + Level 0.2 Unarmed Combat
 + Level 2.5 Invocations


You had one spell level left.
You didn't know any spells.
Your spell library was empty.

Dungeon Overview and Level Annotations

Branches:
Dungeon (1/15)

Altars:


Innate Abilities, Weirdness & Mutations

You have sharp fingernails.


Message History

You hit the jackal.
The jackal is heavily wounded.
The jackal closely misses you. The jackal barely misses you.
You hit the jackal.
The jackal is severely wounded.
The jackal bites you.
* * * LOW HITPOINT WARNING * * *
You hit the jackal but do no damage.
The jackal is severely wounded.
The jackal barely misses you. The jackal bites you.
* * * LOW HITPOINT WARNING * * *
A frilled lizard comes into view.
You hit the jackal but do no damage.
The jackal is severely wounded.
The jackal bites you.
* * * LOW HITPOINT WARNING * * *
You closely miss the jackal.
The jackal is severely wounded.
The jackal bites you.
You die...

#......#.###
#...........
.........
......( ....#
#hh.# #h# #h#
######## #@#
#......# #.#
#.###.####.# #.#
#.......##.###.#
#.###.#........#
#)####.#####
#######.####.#
........).[..#
.#############


You could see 4 jackals.

Vanquished Creatures
  A dart slug (D:1)
  A goblin (D:1)
  2 hobgoblins (D:1)
  A kobold (D:1)
5 creatures vanquished.

Notes
Turn   | Place    | Note
-------+----------+-------------------------------------------
     0 | Abyss:1  | Mithandil the Demonspawn Abyssal Knight began the quest for
                  | the Orb.
     0 | Abyss:1  | Reached XP level 1. HP: 18/18 MP: 2/2
   118 | Abyss:2  | Noticed an ancient zyme
   124 | D:1      | Escaped the Abyss
   229 | D:1      | Reached skill level 1 in Dodging
   238 | D:1      | Gained mutation: You have sharp fingernails. [demonic
                  | ancestry]
   238 | D:1      | Reached XP level 2. HP: 7/24 MP: 3/3
   251 | D:1      | Slain by a jackal

Levels and vault maps discovered:
D:1:      ncdulo_smallfort, layout_loops_cross

Skill      XL: |  1 |
---------------+----+-----
Dodging        | 1 |  1.1
Polearms       | 2 |  2.0
Fighting       | |  3.0
Armour         | |  1.8
Stealth        | |  0.2
Unarmed Combat | |  0.2
Invocations    | |  2.5

Action                   || total
-------------------------++-------
Melee: Spear             ||    27
Invok: Depart the Abyss  ||     1
Armor: Leather armour    ||     2
Dodge: Dodged            ||    10

Table legend:
 A = Non-vault XP
 B = Vault XP
 C = Vault XP percentage of total XP
 D = Non-vault monster count
 E = Vault monster count
 F = Vault count percentage of total count
                 A         B        C        D         E       F
            +---------+---------+-------+---------+---------+-------
      Total |      12 |       0 |   0.0 |       5 |       0 |   0.0
            +---------+---------+-------+---------+---------+-------
        D:1 |      12 |       0 |   0.0 |       5 |       0 |   0.0
            +---------+---------+-------+---------+---------+-------
